AoeStats
← Sasha_Kive

Arabia

507801512Analyzed
4v4 RM · 14d ago on Sep 19, 2026· 33m 3s· 8 players
Game mode
Random Map
Map size
Large (8 player)
Population
200
Speed
Normal
Resources
Standard
Victory
Conquest
Starting age
Dark Age
Ending age
Imperial Age
RankedLock teamsTeams togetherTeam positionsShared explorationLock speedFull tech treeHidden civsTurbo modeCheats
Victory
Defeat
🇩🇪 Vietnamese · Germany
1629
+13
🇨🇷 Britons · Costa Rica
1601
+14
🇫🇷 Japanese · France
1547
+16
🇪🇬 Portuguese · Egypt
1527
+17
🇦🇷 Georgians · Argentina
1672
-19
🇺🇦 Spanish · Ukraine
1573
-16
🇬🇧 Cumans · United Kingdom
1504
-13
🇺🇸 Saracens · United States
1469
-12
Silence
8:59 Feudal Age
10:18 Loom
11:03 Forging
15:50 Scale Barding Armor
17:55 Horse Collar
20:53 Bloodlines
24:01 Double-Bit Axe
28:13 Castle Age
27:22 Gold Mining
29:19 Chain Barding Armor
30:02 Husbandry
31:18 Iron Casting
Sasha_Kive
5:29 Loom
9:00 Feudal Age
14:07 Fletching
18:39 Padded Archer Armor
22:15 Castle Age
22:02 Double-Bit Axe
22:54 Bodkin Arrow
25:07 Town Watch
25:57 Wheelbarrow
28:39 Bow Saw
30:57 Padded Archer Armor
~BroKen~
6:18 Loom
9:17 Feudal Age
10:17 Double-Bit Axe
16:16 Scale Barding Armor
17:58 Forging
19:22 Bloodlines
24:28 Castle Age
24:54 Wheelbarrow
24:31 Gold Mining
24:34 Light Cavalry
25:37 Chain Barding Armor
25:47 Husbandry
28:17 Hand Cart
GrimLOL
9:18 Feudal Age
9:35 Loom
12:25 Fletching
17:54 Town Watch
18:46 Padded Archer Armor
27:54 Castle Age
26:38 Double-Bit Axe
26:57 Gold Mining
28:31 Bodkin Arrow
28:16 Crossbowman
32:00 Leather Archer Armor
32:27 Ballistics
Draga
6:16 Loom
8:23 Feudal Age
9:26 Double-Bit Axe
9:58 Horse Collar
16:48 Scale Barding Armor
18:23 Forging
20:12 Wheelbarrow
23:32 Castle Age
23:11 Gold Mining
23:34 Light Cavalry
24:35 Chain Barding Armor
24:25 Husbandry
25:05 Gold Shaft Mining
26:54 Bow Saw
[DOV] Sl3v1n
6:04 Loom
8:50 Feudal Age
14:47 Fletching
16:41 Padded Archer Armor
23:46 Castle Age
23:52 Crossbowman
25:16 Bodkin Arrow
31:45 Ballistics
Javisty
6:28 Loom
8:50 Feudal Age
9:22 Double-Bit Axe
16:20 Fletching
18:38 Padded Archer Armor
19:45 Gold Mining
28:18 Castle Age
28:24 Crossbowman
29:05 Bodkin Arrow
30:44 Ballistics
30:25 Horse Collar
32:59 Wheelbarrow
32:39 Bow Saw
[DOV] ReaperWins
6:09 Loom
8:39 Feudal Age
10:00 Double-Bit Axe
10:40 Horse Collar
16:04 Scale Barding Armor
17:26 Forging
19:40 Bloodlines
25:14 Castle Age
23:29 Gold Mining
25:19 Light Cavalry
26:22 Chain Barding Armor
28:40 Wheelbarrow
31:29 Husbandry
32:31 Bow Saw
Connection lost

Rejoining the realm…

Still unreachable

The connection could not be restored.

Session expired

The server has moved on; the page needs a fresh start.